 Dungeon Crawl Stone Soup version 0.22.0-49-gab54619 (webtiles) character file.

187 Lew the Covered (level 5, -5/47 HPs)
             Began as a Minotaur Fighter on Sept 6, 2018.
             Slain by a gnoll
             ... wielding a +0 halberd
              (7 damage)
             ... on level 3 of the Dungeon.
             The game lasted 00:03:49 (1923 turns).

Lew the Covered (Minotaur Fighter)                  Turns: 1923, Time: 00:03:50

Health: -5/47      AC:  7    Str: 20    XL:     5   Next: 39%
Magic:  4/4        EV:  8    Int:  5    God:
Gold:   65         SH:  9    Dex: 11    Spells: 4/4 levels left

rFire    . . .     SeeInvis .   a - +0 trident
rCold    . . .     Gourm    .   c - +0 shield
rNeg     . . .     Faith    .   b - +0 scale mail
rPois    .         Spirit   .   (helmet restricted)
rElec    .         Reflect  .   (no cloak)
rCorr    .         Harm     .   (no gloves)
MR       .....                  (no boots)
Stlth    ..........             (no amulet)
HPRegen  0.15/turn              (no ring)
MPRegen  0.09/turn              (no ring)

@: very slightly contaminated
A: retaliatory headbutt, horns 2
a: no special abilities


You were on level 3 of the Dungeon.
You were not hungry.

You visited 1 branch of the dungeon, and saw 3 of its levels.

You collected 65 gold pieces.

Inventory:

Hand Weapons
 a - a +0 trident (weapon)
 l - a +0 spear of flaming
Armour
 b - a +0 scale mail (worn)
 c - a +0 shield (worn)
Scrolls
 d - a scroll of remove curse
 h - 2 scrolls of teleportation
 i - 4 scrolls of immolation
 k - a scroll of fog
Potions
 e - a potion of heal wounds
 g - 3 potions of curing
 j - a potion of mutation {unknown}
Comestibles
 f - 6 rations


   Skills:
 + Level 4.5 Fighting
 + Level 3.7 Polearms
 + Level 4.6 Armour
 + Level 2.3 Dodging
 + Level 4.6 Shields


You had 4 spell levels left.
You didn't know any spells.
Your spell library was empty.

Dungeon Overview and Level Annotations

Branches:
Dungeon (3/15)

Altars:


Innate Abilities, Weirdness & Mutations

You reflexively headbutt those who attack you in melee.
You have a pair of horns on your head.


Message History

You block the orc's attack.
You hit the orc.
The orc is heavily wounded.
The gnoll hits you from afar with a spear.
The orc hits you but does no damage.
Your shield prevents you from hitting the orc.
The orc is heavily wounded.
The orc hits you with a flail.
* * * LOW HITPOINT WARNING * * *
You block the gnoll's attack. The orc hits you but does no damage.
The orc barely misses you.
You barely miss the orc. Your headbutt misses the orc.
The orc is heavily wounded.
The gnoll hits you from afar with a spear.
* * * LOW HITPOINT WARNING * * *
The orc hits you with a flail!
* * * LOW HITPOINT WARNING * * *
You block the orc's attack. x2
The gnoll hits you from afar with a halberd!
You die...

#.... ###.##.#### #..<.
...##.#... #.(..
###.#...[# #...
##.#......## #.g
##...)......##
#)####g...........#
#.g...gg.......†.####.#
#######..#............#
#o@#.....).######
#oo###...### #........#
#..####### #..#
######..# ........#####
.######.....###
.............#


You could see 3 gnolls and 3 orcs.

Vanquished Creatures
  4 gnolls
  8 adders
  2 worms
  A dart slug (D:1)
  2 leopard geckos
  An orc (D:3)
  2 giant cockroaches (D:2)
  6 goblins
  10 hobgoblins
  4 jackals (D:1)
  A quokka (D:2)
  8 bats
  7 frilled lizards
  7 kobolds
  10 rats
73 creatures vanquished.

Notes
Turn   | Place    | Note
-------+----------+-------------------------------------------
     0 | D:1      | Lew the Minotaur Fighter began the quest for the Orb.
     0 | D:1      | Reached XP level 1. HP: 19/19 MP: 0/0
    28 | D:1      | Reached XP level 2. HP: 20/27 MP: 1/1
   171 | D:1      | Reached skill level 1 in Dodging
   263 | D:1      | Reached XP level 3. HP: 33/33 MP: 2/2
   722 | D:2      | Reached XP level 4. HP: 39/40 MP: 3/3
  1649 | D:2      | Reached XP level 5. HP: 47/47 MP: 4/4
  1923 | D:3      | HP: 2/47 [orc/flail (8)]
  1923 | D:3      | Slain by a gnoll

Skill      XL: |  1  2  3  4 |
---------------+-------------+-----
Dodging        | 1 2 |  2.3
Shields        | 4 |  4.6
Armour         | 4 |  4.6
Fighting       | 4 |  4.5
Polearms       | 3 |  3.7

Action                   |  1- 3 |  4- 6 || total
-------------------------+-------+-------++-------
Melee: Trident           |   105 |   103 ||   208
       Headbutt          |     8 |    14 ||    22
  Use: Scroll            |     4 |       ||     4
       Potion            |     1 |     3 ||     4
 Stab: Invisible         |       |     1 ||     1
  Eat: Ration            |       |     1 ||     1
Armor: Scale mail        |    36 |    37 ||    73
Dodge: Dodged            |    35 |    23 ||    58
Block: Shield            |    43 |    40 ||    83
